 Dungeon Crawl Stone Soup version 0.30-b1-2-g02819fbbbe (webtiles) character file.

Game seed: 6818828945964914503

1418 redmage the Conjurer (level 9, 0/67 HPs)
             Began as a Meteoran Earth Elementalist on July 27, 2023.
             Slain by a sky beast (2 damage)
             ... on level 7 of the Dungeon.
             The game lasted 00:20:50 (1220 turns).

redmage the Conjurer (Meteoran Earth Elementalist)  Turns: 1220, Time: 00:20:51

Health: 0/67       AC:  2    Str: 10    XL:     9   Next: 22%
Magic:  8/14       EV: 13    Int: 26    God:
Gold:   182        SH:  0    Dex: 16    Spells: 8/14 levels left

rFire   . . .        g - +5 woodcutter's axe
rCold   . . .        (shield currently unavailable)
rNeg    . . .        a - +0 robe
rPois   .            (no helmet)
rElec   .            (no cloak)
rCorr   .            (no gloves)
SInv    .            (no boots)
Will    +....        (no amulet)
Stlth   +            l - +6 ring of intelligence
HPRegen 0.31/turn    (no ring)
MPRegen 0.14/turn

%: no passive effects
@: glowing
A: sense surroundings 2, otherworldly, glowing, explore regen
a: no special abilities


You were on level 7 of the Dungeon.
You visited 1 branch of the dungeon, and saw 8 of its levels.

You collected 182 gold pieces.

Inventory:

Hand Weapons
 g - the +5 woodcutter's axe (weapon)
   (You found it on level 2 of the Dungeon)
Missiles
 j - 5 boomerangs (quivered)
Armour
 a - a +0 robe (worn)
Jewellery
 l - a +6 ring of intelligence (left hand)
Wands
 c - a wand of polymorph (14)
Scrolls
 h - a scroll of blinking
Potions
 b - 2 potions of magic
 e - a potion of resistance {unknown}
 k - a potion of flight {unknown}


   Skills:
 + Level 2.1 Fighting
 - Level 4.1 Axes
 + Level 2.3 Armour
 - Level 2.8 Dodging
 - Level 1.7 Stealth
 - Level 3.0 Spellcasting
 * Level 7.9 Conjurations
 - Level 2.0 Transmutations
 * Level 7.8 Earth Magic


You had 8 spell levels left.
You knew the following spells:

 Your Spells              Type           Power      Damage    Failure   Level
a - Sandblast             Erth           88%        2d18      1%          1
b - Passwall              Tmut/Erth      24%        N/A       1%          2
c - Stone Arrow           Conj/Erth      90%        3d12      1%          3

Your spell library contained the following spells:

 Spells                   Type           Power      Damage    Failure   Level
 Kiss of Death            Conj/Necr      96%        2d12      1%          1
 Slow                     Hex            16%        N/A       10%         1
 Petrify                  Tmut/Erth      29%        N/A       12%         4
 Leda's Liquefaction      Hex/Erth       12%        N/A       19%         4
 Call Canine Familiar     Summ           4%         N/A       28%         3
 Confusing Touch          Hex            4%         N/A       28%         3
 Portal Projectile        Hex/Tloc       8%         N/A       28%         3
 Vampiric Draining        Necr           4%         2d6       28%         3
 Dispel Undead            Necr           4%         3d7       67%         4


Dungeon Overview and Level Annotations

Branches:
Dungeon (8/15) Zot: 3535
 Temple: D:4-7         Lair: D:8-11

Altars:

Shops:
D:2 :

Portals:
Bailey: D:7


Innate Abilities, Weirdness & Mutations

You passively map the area around you.
You are easily found by Zot.
You glow in the dark.
You regain HP and MP as you explore.


Message History

Unknown command.
Casting: Sandblast (safe; 1% risk of failure)
Confirm with . or Enter, or press ? or * to list all spells.
Aiming: Sandblast (safe; 1% risk of failure)
Press: ? - help, Shift-Dir - straight line, f/p - scorpion
Aim: a scorpion (almost dead, 85% to hit)
The blast of sand hits the scorpion!
You kill the scorpion!
You feel extremely sick.
Unknown command.
Something barely misses you.
You feel very sick.
You feel very sick.
You feel very sick.
You feel sick.
You feel sick.
You feel sick.
You feel sick. Something hits you.
* * * LOW HITPOINT WARNING * * *
Something shocks you.
* * * LOW HITPOINT WARNING * * *
You feel sick. Something hits you.
* * * LOW HITPOINT WARNING * * *
Something shocks you.
* * * LOW HITPOINT WARNING * * *
Found 7 stones.
You feel sick.
You feel better.
The iguana hisses angrily.
Something hits you.
* * * LOW HITPOINT WARNING * * *
Something shocks you.
* * * LOW HITPOINT WARNING * * *
You feel better. Something hits you.
* * * LOW HITPOINT WARNING * * *
Something shocks you.
* * * LOW HITPOINT WARNING * * *
Something hits you.
You die...

.......... , * ####
*#........., ###...
#......... * ###.....
#....=.# ##.......
##†###### *#........ #..#
........# #..# .......<#
##.#############(.........
#.......@...l...........#
#......................##
#..........###........#
#.##..###### , ....##
####..# ,,#### ##.## * *
##.# #.## ##.## *


You could see an iguana.

Vanquished Creatures
  2 water moccasins
  A sky beast (D:6)
  3 ice beasts
  An ogre (D:5)
  2 phantoms (D:5)
  A scorpion (D:7)
  A howler monkey (D:7)
  5 hounds
  A jelly (D:7)
  2 orc priests (D:5)
  3 orc wizards (D:5)
  An iguana (D:3)
  5 gnolls
  5 adders
  A shadow imp (D:5)
  2 white imps (D:6)
  An ufetubus (D:5)
  A worm (D:2)
  2 dart slugs
  7 orcs
  4 endoplasms
  A giant cockroach (D:3)
  5 goblins
  2 hobgoblins (D:3)
  4 jackals
  3 ball pythons
  A bat (D:2)
  2 frilled lizards (D:2)
  A kobold (D:2)
  A rat (D:3)
71 creatures vanquished.

Notes
Turn   | Place    | Note
-------+----------+-------------------------------------------
     0 | D:1      | redmage the Meteoran Earth Elementalist began the quest for
                  | the Orb.
     0 | D:1      | Reached XP level 1. HP: 14/14 MP: 5/5
    66 | D:2      | Reached XP level 2. HP: 20/20 MP: 4/6
   158 | D:2      | Reached XP level 3. HP: 12/26 MP: 1/8
   161 | D:2      | Learned a level 2 spell: Passwall
   165 | D:2      | Learned a level 3 spell: Stone Arrow
   182 | D:2      | Found the +5 woodcutter's axe
   247 | D:2      | Found Pilejuq's Vocational Training.
   359 | D:3      | Reached skill level 1 in Axes
   359 | D:3      | Reached skill level 1 in Conjurations
   359 | D:3      | Reached XP level 4. HP: 13/33 MP: 6/9
   438 | D:4      | Reached XP level 5. HP: 38/38 MP: 8/10
   459 | D:5      | Entered Level 5 of the Dungeon
   459 | D:5      | Noticed an ice beast
   464 | D:5      | HP: 1/38 [ice beast (13)]
   466 | D:5      | Killed an ice beast
   467 | D:5      | Reached XP level 6. HP: 2/45 MP: 2/11
   475 | D:5      | Noticed an ogre
   478 | D:5      | Killed an ogre
   479 | D:5      | Reached skill level 5 in Earth Magic
   487 | D:6      | Noticed a water moccasin
   492 | D:5      | Reached XP level 7. HP: 40/50 MP: 3/12
   567 | D:5      | Reached skill level 5 in Conjurations
   649 | D:5      | Reached XP level 8. HP: 57/57 MP: 2/13
   995 | D:7      | Reached skill level 1 in Fighting
   995 | D:7      | Reached skill level 1 in Armour
  1016 | D:7      | Found a flagged portal.
  1022 | D:8      | Noticed a yak
  1022 | D:8      | Noticed a yak
  1022 | D:8      | Noticed a yak
  1022 | D:8      | Noticed a yak
  1023 | D:8      | Noticed a yak
  1059 | D:6      | Gained mutation: You passively map the area around you.
                  | [Meteoran growth]
  1059 | D:6      | Reached XP level 9. HP: 23/64 MP: 2/14
  1219 | D:7      | HP: 2/67 [something (5)]
  1220 | D:7      | Slain by a sky beast

Illustrated notes

Levels and vault maps discovered:
D:1:      heliophobic_arrival_enchanted_forest, layout_loops_ring,
          basic_ecumenical_altar, minivault_4, nrook_loot_triangle
D:2:      layout_rooms, basic_altar, nicolae_shop_vocational
D:3:      layout_loops_ring
D:4:      layout_loops_ring
D:5:      layout_cave_pools
D:6:      layout_rooms
D:7:      layout_cave_pods, chequers_temple_overflow_minitemple,
          minmay_temple_entry_hall, enter_bailey_5
D:8:      layout_layer_cave, lair_entry_dummy, nicolae_alphabet_shops

Skill      XL: |  1  2  3  4  5  6  7  8  9 |
---------------+----------------------------+-----
Spellcasting   | 3 |  3.0
Earth Magic    | 4 5 7 |  7.8
Transmutations | 2 |  2.0
Axes           | 1 2 4 |  4.1
Conjurations   | 1 2 3 4 6 7 |  7.9
Fighting       | 1 2 |  2.1
Armour         | 1 2 |  2.3
Dodging        | |  2.8
Stealth        | |  1.7

Action                     |  1- 3 |  4- 6 |  7- 9 || total
---------------------------+-------+-------+-------++-------
  Melee: Battleaxe         |     7 |     9 |    21 ||    37
  Throw: Boomerang         |       |       |     1 ||     1
   Cast: Sandblast         |    31 |    12 |    40 ||    83
         Stone Arrow       |       |     5 |    31 ||    36
         Passwall          |       |       |     1 ||     1
  Evoke: Wand              |       |       |     1 ||     1
    Use: Scroll            |       |       |     7 ||     7
         Potion            |       |       |     2 ||     2
 Armour: Robe              |     8 |     2 |     3 ||    13
  Dodge: Dodged            |     9 |     7 |    37 ||    53
